AoeStats
← Morrión

African Clearing

510782819Analyzed
2v2 RM · 1d ago on Oct 2, 2026· 45m 3s· 4 players
Game mode
Random Map
Map size
Medium (4 player)
Population
200
Speed
Normal
Resources
Standard
Victory
Conquest
Starting age
Dark Age
Ending age
Imperial Age
RankedLock teamsTeams togetherTeam positionsShared explorationLock speedFull tech treeHidden civsTurbo modeCheats
Victory
Defeat
🇪🇸 Varangians · Spain
1277
+19
🇪🇸 Vietnamese · Spain
1276
+19
🇪🇸 Varangians · Spain
1352
-19
🇪🇸 Mongols · Spain
1351
-19
Morrión
4:33 Loom
15:15 Feudal Age
19:42 Castle Age
18:56 Bloodlines
22:12 Light Cavalry
23:50 Forging
37:17 Scale Barding Armor
juanca12
8:51 Loom
12:29 Feudal Age
14:14 Double-Bit Axe
15:24 Wheelbarrow
16:34 Scale Barding Armor
25:29 Castle Age
24:00 Fletching
27:33 Thumb Ring
27:54 Hand Cart
30:34 Bodkin Arrow
41:26 Ballistics
DAVE
8:29 Loom
11:48 Feudal Age
13:46 Double-Bit Axe
15:54 Fletching
17:01 Wheelbarrow
19:05 Padded Archer Armor
19:12 Horse Collar
24:24 Castle Age
24:31 Crossbowman
25:12 Bodkin Arrow
25:29 Town Watch
25:54 Gold Mining
27:31 Thumb Ring
29:00 Bow Saw
30:09 Leather Archer Armor
30:31 Stone Mining
32:14 Hand Cart
32:48 Elite Skirmisher
36:03 Ballistics
38:46 Stone Shaft Mining
45:37 Masonry
45:23 Murder Holes
Richi F
3:42 Loom
13:09 Feudal Age
13:44 Double-Bit Axe
16:43 Bloodlines
19:19 Scale Barding Armor
19:38 Forging
23:47 Castle Age
26:29 Husbandry
31:22 Chain Barding Armor
32:10 Bow Saw
34:07 Horse Collar
36:47 Heavy Plow
39:55 Imperial Age
38:52 Wheelbarrow
38:29 Vendel Legacy
39:55 Iron Casting
40:13 Hand Cart
41:02 Cavalier
43:27 Plate Barding Armor
42:56 Gold Mining
Connection lost

Rejoining the realm…

Still unreachable

The connection could not be restored.

Session expired

The server has moved on; the page needs a fresh start.